 Dungeon Crawl Stone Soup version 0.31-a0-152-g6aa68a64a1 (webtiles) character file.

Game seed: 14759759494571597738

11 comborobin the Sneak (level 2, -3/18 HPs)
             Began as a Deep Elf Delver on June 10, 2023.
             Slain by a sleepcap (7 damage)
             ... on level 5 of the Dungeon.
             The game lasted 00:00:36 (173 turns).

comborobin the Sneak (Deep Elf Delver)               Turns: 173, Time: 00:00:37

Health: -3/18      AC:  4    Str:  9    XL:     2   Next: 13%
Magic:  4/4        EV: 12    Int: 14    God:
Gold:   0          SH:  0    Dex: 16    Spells: 1/1 levels left

rFire   . . .        a - +0 short sword
rCold   . . .        (no shield)
rNeg    . . .        b - +0 leather armour
rPois   .            (no helmet)
rElec   .            (no cloak)
rCorr   .            (no gloves)
SInv    .            d - +0 pair of boots
Will    .....        (no amulet)
Stlth   +++          (no ring)
HPRegen 0.23/turn    (no ring)
MPRegen 0.09/turn

%: no passive effects
@: hasted, very quick
A: no striking features
a: no special abilities


You were on level 5 of the Dungeon.
You visited 1 branch of the dungeon, and saw 2 of its levels.

Inventory:

Hand Weapons
 a - a +0 short sword (weapon)
Armour
 b - a +0 leather armour (worn)
 d - a +0 pair of boots (worn)
Wands
 g - a wand of digging (1)
Scrolls
 c - a scroll of fog
 e - a scroll of fear


   Skills:
 - Level 2.4 Fighting
 + Level 2.9 Short Blades
 - Level 2.4 Dodging
 - Level 6.0 Stealth


You had one spell level left.
You didn't know any spells.
Your spell library was empty.

Dungeon Overview and Level Annotations

Branches:
Dungeon (6/15)
 Temple: D:4-7

Altars:


Message History

Okay, then.
Aiming: Dig
Press: ? - help, Shift-Dir - straight line A rock wall.
The rock shatters into small pieces.
Aiming: Dig
Press: ? - help, Shift-Dir - straight line A rock wall.
The rock shatters into small pieces.
The orc attacks as you move away! The orc hits you but does no damage.
The orc attacks as you move away! The orc hits you with a +0 club.
The orc attacks as you move away! The orc closely misses you.
The orc attacks as you move away! The orc misses you.
The orc attacks as you move away! The orc closely misses you.
You closely miss the orc. The orc hits you with a +0 club.
You hit the orc but do no damage. The orc hits you with a +0 club.
You barely miss the orc. The orc barely misses you.
You hit the orc but do no damage. The orc hits you with a +0 club.
You are too injured to fight recklessly!
You closely miss the orc.
You are too injured to fight recklessly!
You feel yourself speed up. The orc closely misses you.
You hit the orc.
The orc is moderately wounded.
The orc hits you with a +0 club.
* * * LOW HITPOINT WARNING * * *
You closely miss the orc.
The orc is moderately wounded.
The orc hits you with a +0 club.
* * * LOW HITPOINT WARNING * * *
You hit the orc but do no damage.
The orc is lightly wounded.
A quokka comes into view.
Found a spear.
A sleepcap comes into view.
A scorpion comes into view.
A phantom and an orc come into view.
The orc shouts!
The sleepcap releases spores at you!
You die...

*,**,**,**,,,,*,*,****,,,
******+*#.*#.**,,,,,,*,*
*,,,
*,,,,,.,#.*#.**,,..***,*
*,,, *,,,,,....o#.**,..##
*,* **,,,
*,,,,,..^..#.**,...# *,*
*,,,,
****,,.......***#..# *,*
*,,,, *,,...W.#.####..#
*,**#..,,
*,***#.s..f.....#
*,,,...., *,*
*,*#.@..).####.r.,...,
*,*
*<*#.............,..#*
*,* ***######.##.#.####.#
*,* #............# *,*
#.#####.####.## *,* #.#
#.##..... ***
#.#####.####.##
#....o.o.....#
############.#


You could see a phantom, a sleepcap, a scorpion and an orc.

Vanquished Creatures
  An adder (D:5)
  An orc (D:5)
2 creatures vanquished.

Notes
Turn   | Place    | Note
-------+----------+-------------------------------------------
     0 | D:5      | comborobin the Deep Elf Delver began the quest for the Orb.
     0 | D:5      | Reached XP level 1. HP: 13/13 MP: 3/3
     1 | D:6      | Noticed a jelly
    39 | D:5      | Reached XP level 2. HP: 18/18 MP: 4/4
   122 | D:5      | Noticed a howler monkey
   170 | D:5      | Noticed a scorpion
   171 | D:5      | Noticed a phantom
   173 | D:5      | Slain by a sleepcap

Illustrated notes

Levels and vault maps discovered:
D:5:      layout_basic, uniq_blork_the_orc, uniq_grinder, uniq_duvessa,
          uniq_menkaure
D:6:      layout_basic

Action                     || total
---------------------------++-------
  Melee: Short sword       ||    14
  Evoke: Wand              ||     2
    Use: Scroll            ||     1
         Potion            ||     1
   Stab: Sleeping          ||     1
 Armour: Leather armour    ||     3
  Dodge: Dodged            ||     7

Table legend: (Time is in decaauts)
 A = Elapsed time spent in this place.
 B = Non-inter-level travel time spent in this place.
 C = Inter-level travel time spent in this place.
 D = Time resting spent in this place.
 E = Time spent auto-exploring this place.
 F = Levels seen in this place.
 G = Mean time per level.
                   A        B        C        D        E       F      G
               +--------+--------+--------+--------+--------+-----+--------+
         Total |    165 |    165 |      0 |      0 |     87 |   2 |   82.5 |
       Dungeon |    165 |    165 |      0 |      0 |     87 |   2 |   82.5 |
               +--------+--------+--------+--------+--------+-----+--------+

Top non-repeatable levels by time:
     D:5: 162 daAuts
     D:6: 2 daAuts
